 Dungeon Crawl Stone Soup version 0.25-a0-388-g41a7e554cb (webtiles) character file.

Game seed: 17869372475977882333, levelgen mode: deterministic

56 mopl the Skirmisher (level 3, -2/28 HPs)
             Began as a Demonspawn Wanderer on Jan 7, 2020.
             Slain by Sigmund
             ... wielding a +1 scythe of flaming
              (6 damage)
             ... on level 2 of the Dungeon.
             The game lasted 00:01:53 (1035 turns).

mopl the Skirmisher (Demonspawn Wanderer)           Turns: 1035, Time: 00:01:53

Health: -2/28      AC:  7    Str: 13    XL:     3   Next: 71%
Magic:  4/4        EV:  8    Int: 14    God:
Gold:   66         SH:  0    Dex: 11    Spells: 3/4 levels left

rFire    . . .     SeeInvis .   n - -1 whip (curse)
rCold    . . .     Gourm    +   (no shield)
rNeg     . . .     Faith    .   j - +0 scale mail (curse)
rPois    .         Spirit   .   (no helmet)
rElec    .         Reflect  .   (no cloak)
rCorr    .         Harm     .   b - +0 pair of gloves
MR       .....                  (no boots)
Stlth    ..........             h - amulet of the gourmand
HPRegen  0.09/turn              (no ring)
MPRegen  0.09/turn              (no ring)

@: no status effects
A: claws 1
a: no special abilities


You were on level 2 of the Dungeon.
You were completely stuffed.

You visited 1 branch of the dungeon, and saw 2 of its levels.

You collected 66 gold pieces.

Inventory:

Hand Weapons
 a - a +0 mace
 n - a cursed -1 whip (weapon)
Armour
 b - a +0 pair of gloves (worn)
 j - a cursed +0 scale mail (worn)
Jewellery
 h - an amulet of the gourmand (around neck)
Scrolls
 d - 2 scrolls of amnesia
 g - a scroll of fear {unknown}
 i - a scroll of enchant weapon {unknown}
 k - a scroll of teleportation {unknown}
Potions
 c - a potion of lignification {!q}
 e - a potion of curing {unknown}
 l - a potion of heal wounds {unknown}
 m - a potion of berserk rage {unknown}
Comestibles
 f - 6 rations


   Skills:
 + Level 2.8 Fighting
 * Level 2.8 Maces & Flails
 - Level 1.7 Armour
   Level 1.0 Shields
 - Level 1.0 Spellcasting
 - Level 1.7 Charms
   Level 1.0 Evocations


You had 3 spell levels left.
You knew the following spells:

 Your Spells              Type           Power        Failure   Level  Hunger
a - Infusion              Chrm           #...         52%         1    ##.....

Your spell library contained the following spells:

 Spells                   Type           Power        Failure   Level  Hunger
 Song of Slaying          Chrm           #.......     65%         2    ###....
 Shroud of Golubria       Chrm/Tloc      #.....       78%         2    ###....
 Ozocubu's Armour         Chrm/Ice       #.......     95%         3    ####...
 Spectral Weapon          Hex/Chrm       #.......     95%         3    ####...


Dungeon Overview and Level Annotations

Branches:
Dungeon (2/15)

Altars:
Qazlal

Annotations:
D:2 Sigmund


Innate Abilities, Weirdness & Mutations

You have sharp fingernails.


Message History

The bat closely misses you. The bat closely misses you.
Something hits you but does no damage. The bat hits you but does no damage.
A puff of flame appears from out of thin air!
The puff of flame hits you.
You bump into the rock wall.
The bat hits you but does no damage.
A magic dart appears from out of thin air!
The magic dart hits you!
* * * LOW HITPOINT WARNING * * *
The bat barely misses you.
You hear some strange, mumbled words.
Something tries to affect you, but you resist.
The bat closely misses you.
You feel less confused. The bat hits you but does no damage.
The bat barely misses you. The bat closely misses you.
There is an escape hatch in the ceiling here.
The bat barely misses you. Something hits you.
You die...

#...# #..#.
#.....##..# #..#
#.#.#.##.## #..#
#.....#... #...
#.....###. ##.#.
###.#.#.?##. ##....
#........##.##.....
#.b.{....##.#......
#.@......##.#......
#........##........
#........###.#.....
#..................
#........####......
#........# ##.....
########## #....#
#....# #....#


You could see a bat.

Vanquished Creatures
  A bullfrog skeleton (D:2)
  An ooze (D:1)
  A dart slug (D:1)
  An orc (D:2)
  3 bats (D:2)
  A giant cockroach (D:2)
  4 hobgoblins
  A frilled lizard (D:2)
  3 goblins
  3 kobolds
  5 rats
24 creatures vanquished.

Notes
Turn   | Place    | Note
-------+----------+-------------------------------------------
     0 | D:1      | mopl the Demonspawn Wanderer began the quest for the Orb.
     0 | D:1      | mopl set off with the following items: a +0 mace, a potion
                  | of lignification {!q}, a +0 robe, a ration; and the
                  | following spell memorised: Infusion; and the following
                  | spells available to memorise: Song of Slaying, Shroud of
                  | Golubria, Ozocubu's Armour, Spectral Weapon
     0 | D:1      | Reached XP level 1. HP: 16/16 MP: 2/2
    62 | D:1      | Gained mutation: You have sharp fingernails. [demonic
                  | ancestry]
    62 | D:1      | Reached XP level 2. HP: 14/22 MP: 3/3
   809 | D:2      | Reached skill level 2 in Maces & Flails
   956 | D:2      | Reached XP level 3. HP: 22/28 MP: 4/4
   996 | D:2      | Found a stormy altar of Qazlal.
  1009 | D:2      | Noticed Sigmund
  1035 | D:2      | Slain by Sigmund

Levels and vault maps discovered:
D:1:      dpeg_arrival_short_road, layout_basic
D:2:      layout_rooms, nicolae_qazlal_general_emergency, columned_hall_lemuel,
          chequers_serial_rivers_micro_c, uniq_sigmund

Skill      XL: |  1  2 |
---------------+-------+-----
Maces & Flails | 2 |  2.8
Fighting       | |  2.8
Armour         | |  1.7
Shields        | |  1.0
Spellcasting   | |  1.0
Charms         | |  1.7
Evocations     | |  1.0

Action                   || total
-------------------------++-------
Melee: Mace              ||    70
       Whip              ||     6
  Use: Scroll            ||     1
 Stab: Sleeping          ||     1
  Eat: Chunk             ||    12
Armor: Robe              ||     5
       Scale mail        ||    43
Dodge: Dodged            ||    56

Table legend:
 A = Non-vault XP
 B = Vault XP
 C = Vault XP percentage of total XP
 D = Non-vault monster count
 E = Vault monster count
 F = Vault count percentage of total count
                 A         B        C        D         E       F
            +---------+---------+-------+---------+---------+-------
      Total |      81 |       0 |   0.0 |      24 |       0 |   0.0
            +---------+---------+-------+---------+---------+-------
        D:1 |      22 |       0 |   0.0 |      11 |       0 |   0.0
        D:2 |      59 |       0 |   0.0 |      13 |       0 |   0.0
            +---------+---------+-------+---------+---------+-------
